 Dungeon Crawl Stone Soup version 0.18.1-48-g4cf74bf (webtiles) character file.

166 Alarkh the Bolt Thrower (level 5, -2/38 HPs)
             Began as a Mummy Hunter on Sept 8, 2016.
             Slain by an ogre
             ... wielding a +0 giant club
              (11 damage)
             ... on level 4 of the Dungeon.
             The game lasted 00:02:43 (2059 turns).

Alarkh the Bolt Thrower (Mummy Hunter)              Turns: 2059, Time: 00:02:44

Health: -2/38      AC:  3    Str: 16    XL:     5   Next: 22%
Magic:  14/14      EV: 11    Int: 11    God:
Gold:   197        SH:  0    Dex: 12    Spells: 0 memorised, 4 levels left

rFire  x . .     SeeInvis .     a - +1 hand crossbow
rCold  + . .     Gourm    .     c - +0 leather armour
rNeg   + + +     Faith    .     (no shield)
rPois  ∞         Spirit   .     (no helmet)
rElec  .         Dismiss  .     (no cloak)
rCorr  .         Reflect  .     (no gloves)
SustAt .         Harm     .     (no boots)
MR     .....                    (no amulet)
Stlth  +.........               (no ring)
                                l - ring of magical power

@: not resistant to hostile enchantments, very unstealthy
A: no food or potions, fire vulnerability, cold resistance 1, negative energy
resistance 3, torment resistance, unbreathing
a: no special abilities


You were on level 4 of the Dungeon.
You were not hungry.

You visited 1 branch of the dungeon, and saw 4 of its levels.

You collected 197 gold pieces.

Inventory:

Hand Weapons
 a - a +1 hand crossbow (weapon)
 b - a +1 spear of venom
 f - a +0 short sword
 p - a +1 mace of venom
Missiles
 d - 92 bolts (quivered)
Armour
 c - a +0 leather armour (worn)
Jewellery
 l - a ring of magical power (left hand)
Wands
 o - a wand of confusion (21/48)
Scrolls
 e - a scroll of identify
 g - a scroll of fog
 h - 2 scrolls of remove curse
 i - a scroll of blinking
 j - 4 scrolls of teleportation
 k - a scroll of recharging
 m - 2 scrolls of random uselessness {unknown}
 n - a scroll of enchant weapon {unknown}
 q - a scroll of fear {unknown}
 r - 3 scrolls of noise {unknown}


   Skills:
 - Level 2.0 Fighting
 + Level 5.4 Crossbows
 - Level 1.5 Dodging
 - Level 0.7 Stealth


You had 4 spell levels left.
You didn't know any spells.

Dungeon Overview and Level Annotations

Branches:
Dungeon (4/15)             Temple (0/1) D:4

Altars:


Innate Abilities, Weirdness & Mutations

You do not eat or drink.
Your flesh is vulnerable to fire.
You are immune to poison.
Your flesh is cold resistant.
You are immune to negative energy.
You are immune to unholy pain and torment.
You can survive without breathing.


Message History

Press: ? - help, Shift-Dir - straight line, f/p - ogre
Aim: an ogre, wielding a giant club (heavily wounded)
You shoot a bolt. The bolt hits the ogre.
The ogre is almost dead.
You hear a splash.
The ogre hits you with a giant club!!
Ouch! That really hurt!
* * * LOW HITPOINT WARNING * * *
Firing (i - inventory):
d - 94 bolts (quivered)
Press: ? - help, Shift-Dir - straight line, f/p - ogre
Aim: an ogre, wielding a giant club (almost dead)
You shoot a bolt. The bolt barely misses the ogre.
The ogre misses you. The adder bites you but does no damage.
Firing (i - inventory):
d - 93 bolts (quivered)
Press: ? - help, Shift-Dir - straight line, f/p - ogre
Aim: an ogre, wielding a giant club (almost dead)
You shoot a bolt. The bolt barely misses the ogre.
The adder bites you.
* * * LOW HITPOINT WARNING * * *
The ogre hits you with a giant club!
You die...

.>................#
.......############
.......# .......#
.......# . .......# #..
.......#############....
........................
...........≈≈≈≈≈@.......
.###.....≈≈≈≈≈≈≈SO......
. #...≈≈≈≈≈≈≈≈≈≈≈≈≈....
##.≈≈≈≈≈≈...≈≈≈≈≈≈...
#.≈≈≈≈≈≈.>.≈≈≈≈≈≈...
#.≈≈≈≈≈≈...≈≈≈≈≈≈..(
#.≈≈≈≈≈≈≈≈≈≈≈≈≈≈≈...
#..≈≈≈≈≈≈≈≈≈≈≈≈≈...(
#....≈≈≈≈≈≈≈≈≈....


You could see an ogre and an adder.

Vanquished Creatures
  An orc wizard (D:3)
  A worker ant (D:4)
  4 gnolls (D:3)
  An adder (D:3)
  A worm (D:2)
  A giant gecko (D:1)
  2 orcs (D:3)
  11 bats
  6 giant cockroaches
  A hobgoblin (D:1)
  9 jackals
  A ball python (D:1)
  2 giant newts
  4 goblins
  9 kobolds
  3 rats
57 creatures vanquished.

Notes
Turn   | Place    | Note
--------------------------------------------------------------
     0 | D:1      | Alarkh the Mummy Hunter began the quest for the Orb.
     0 | D:1      | Reached XP level 1. HP: 16/16 MP: 1/1
   174 | D:1      | Reached XP level 2. HP: 22/22 MP: 2/2
   504 | D:1      | Reached skill level 4 in Crossbows
   819 | D:1      | Reached XP level 3. HP: 25/27 MP: 3/3
  1608 | D:3      | Reached XP level 4. HP: 33/33 MP: 4/4
  1707 | D:3      | Reached skill level 5 in Crossbows
  1831 | D:3      | Reached XP level 5. HP: 38/38 MP: 5/5
  2038 | D:4      | Found a staircase to the Ecumenical Temple.
  2049 | D:4      | Noticed an ogre
  2059 | D:4      | Slain by an ogre

Skill      XL: |  1  2  3  4 |
---------------+-------------+-----
Crossbows      | 4 5 |  5.4
Fighting       | |  2.0
Dodging        | |  1.5
Stealth        | |  0.7

Action                   |  1- 3 |  4- 6 || total
-------------------------+-------+-------++-------
Melee: Mace              |    17 |    18 ||    35
       Spear             |       |    26 ||    26
 Fire: Hand crossbow     |    77 |    16 ||    93
  Use: Scroll            |     2 |     3 ||     5
Armor: Leather armour    |    16 |    13 ||    29
Dodge: Dodged            |    29 |    27 ||    56
